 Dungeon Crawl Stone Soup version 0.31.0-11-ge490571c62 (webtiles) character file.

Game seed: 8973337424675901110

77 Gadfly the Insei (level 4, 16/35 HPs)
             Began as a Demonspawn Monk on Jan 31, 2024.
             Quit the game on level 2 of the Dungeon on Feb 1, 2024.
             The game lasted 00:01:53 (1280 turns).

Gadfly the Insei (Demonspawn Monk)                  Turns: 1280, Time: 00:01:53

Health: 16/35      AC:  6    Str: 14    XL:     4   Next: 14%
Magic:  4/4        EV: 13    Int: 10    God:
Gold:   41         SH:  0    Dex: 15    Spells: 3/3 levels left

rFire   . .          .
                       - Unarmed
rCold   . . .        c - orb {light}
rNeg    . . .        a - +0 robe
rPois   +            (no helmet)
rElec   .            h - +0 cloak
rCorr   .            (no gloves)
SInv    .            l - +0 pair of boots
Will    .....        (no amulet)
Stlth   +            f - ring of poison resistance
HPRegen 0.25/turn    (no ring)
MPRegen 0.09/turn

%: no passive effects
@: glowing
A: yellow scales 1, powered by pain 1
a: no special abilities


You were on level 2 of the Dungeon.
You visited 1 branch of the dungeon, and saw 2 of its levels.

You collected 41 gold pieces.

Inventory:

Armour
 a - a +0 robe (worn)
 c - an orb of light (worn)
 h - a +0 cloak (worn)
 l - a +0 pair of boots (worn)
Jewellery
 f - a ring of poison resistance (left hand)
Scrolls
 i - a scroll of blinking {unknown}
 j - a scroll of revelation {unknown}
Potions
 b - a potion of ambrosia
 d - a potion of mutation {unknown}
 e - a potion of curing {unknown}
 g - 2 potions of heal wounds {unknown}
 k - a potion of attraction {unknown}


   Skills:
 - Level 3.0 Fighting
 + Level 3.1 Dodging
 * Level 3.3 Unarmed Combat
 * Level 1.8 Evocations
 * Level 1.4 Shapeshifting


You had 3 spell levels left.
You didn't know any spells.
Your spell library contained the following spells:

 Spells                   Type           Power      Damage    Failure   Level
 Magic Dart               Conj           0%         1d3       36%         1
 Shock                    Conj/Air       0%         1d3       36%         1
 Blink                    Tloc           0%         N/A       50%         2
 Call Imp                 Summ           0%         N/A       50%         2
 Mercury Vapours          Alch/Air       0%         N/A       50%         2
 Mephitic Cloud           Conj/Alch/Air  0%         N/A       75%         3
 Swiftness                Air            0%         N/A       75%         3
 Airstrike                Air            0%         2d(0-16)  98%         4
 Freezing Cloud           Conj/Ice/Air   0%         6-21      100%        5


Dungeon Overview and Level Annotations

Branches:
Dungeon (2/15)

Altars:


Innate Abilities, Weirdness & Mutations

You are partially covered in yellow scales. (AC +2)
You sometimes gain a little power by taking damage.


Message History

Natasha is moderately wounded.
Natasha claws you but does no damage.
You hit Natasha.
Natasha is heavily wounded.
Natasha claws you.
You barely miss Natasha.
Natasha is heavily wounded.
Natasha claws you.
You are too injured to fight recklessly!
You are too injured to fight recklessly!
You are too injured to fight recklessly!
You are too injured to fight recklessly!
You are too injured to fight recklessly!
You are too injured to fight recklessly!
You are too injured to fight recklessly!
You are too injured to fight recklessly!
You are too injured to fight recklessly!
You are too injured to fight recklessly!
You are too injured to fight recklessly!
You are too injured to fight recklessly!
You hit Natasha.
Natasha is heavily wounded.
Natasha closely misses you.
You hit Natasha.
Natasha is severely wounded.
Natasha barely misses you.
You hit Natasha but do no damage.
Natasha is severely wounded.
Natasha claws you.
You hit Natasha.
Natasha is severely wounded.
Natasha closely misses you.
You hit Natasha.
You kill Natasha!
Natasha growls in agony!
You have reached level 4!
You feel stronger.
Your demonic ancestry asserts itself...
You feel energised by your suffering.
You start resting.
Are you sure you want to abandon this character and quit the game? (Confirm with "yes".)

##.# ## ## #.. # ###
..### ##. ... ..!. .
.###.### #..#
#...#... #..#
#...#... ...#
#..#..)#..# ..
#..###@.# ##
.[#...#...# .
.##..#...# #
###.###..#..###.###..
#
........#...........
#.###..#..###.###..##
##
#...##..#...#...##.#
#.
#...#.†)#...#...#..#
#.
#..†#..###..#...#..#
###.


There were no monsters in sight!

Vanquished Creatures
  Natasha (D:2)
  An adder (D:2)
  2 ribbon worms (D:2)
  A dart slug (D:1)
  2 endoplasms (D:1)
  4 giant cockroaches
  4 goblins
  3 hobgoblins
  3 jackals
  2 quokkas (D:1)
  3 ball pythons
  A bat (D:1)
  A frilled lizard (D:2)
  3 kobolds (D:1)
  3 rats
34 creatures vanquished.

Notes
Turn   | Place    | Note
-------+----------+-------------------------------------------
     0 | D:1      | Gadfly the Demonspawn Monk began the quest for the Orb.
     0 | D:1      | Reached XP level 1. HP: 18/18 MP: 1/1
   240 | D:1      | Gained mutation: You are partially covered in yellow
                  | scales. (AC +2) [demonic ancestry]
   240 | D:1      | Reached XP level 2. HP: 17/24 MP: 2/2
   478 | D:1      | Reached skill level 1 in Evocations
   528 | D:1      | Found a faded altar of an unknown god.
   996 | D:2      | Reached XP level 3. HP: 16/29 MP: 3/3
  1009 | D:2      | Reached skill level 1 in Shapeshifting
  1263 | D:2      | Noticed Natasha
  1274 | D:2      | Killed Natasha
  1275 | D:2      | Gained mutation: You sometimes gain a little power by
                  | taking damage. [demonic ancestry]
  1275 | D:2      | Reached XP level 4. HP: 15/35 MP: 4/4
  1280 | D:2      | Quit the game

Illustrated notes

Levels and vault maps discovered:
D:1:      dpeg_arrival_renting, layout_loops_ring,
          dreamdust_ecumenical_altar_statues
D:2:      layout_rooms, hex_large, minivault_24, nicolae_titane, uniq_natasha

Skill      XL: |  1  2  3 |
---------------+----------+-----
Evocations     | 1 |  1.8
Unarmed Combat | 3 |  3.3
Shapeshifting  | 1 |  1.4
Dodging        | 3 |  3.1
Fighting       | |  3.0

Action                     |  1- 3 |  4- 6 || total
---------------------------+-------+-------++-------
  Melee: Unarmed           |   132 |       ||   132
    Use: Scroll            |     3 |       ||     3
   Stab: Sleeping          |     1 |       ||     1
 Armour: Robe              |    56 |       ||    56
  Dodge: Dodged            |    80 |       ||    80
